 Dungeon Crawl Stone Soup version 0.31-a0-1206-g41278d8d1d (webtiles) character file.

Game seed: 17745259910782874195

46 horus123 the Gusty (level 3, -4/24 HPs)
             Began as a Human Air Elementalist on Dec 13, 2023.
             Slain by a gnoll
             ... wielding a +1 heavy halberd
              (19 damage)
             ... on level 3 of the Dungeon.
             The game lasted 00:03:51 (2036 turns).

horus123 the Gusty (Human Air Elementalist)         Turns: 2036, Time: 00:03:52

Health: -4/24      AC:  5    Str:  8    XL:     3   Next: 95%
Magic:  0/7        EV: 12    Int: 17    God:
Gold:   57         SH:  0    Dex: 13    Spells: 2/8 levels left

rFire   . . .        g - +3 whip
rCold   . . .        j - orb {light}
rNeg    . . .        a - +2 robe
rPois   .            n - +0 helmet
rElec   .            (no cloak)
rCorr   +            (no gloves)
SInv    .            (no boots)
Will    .....        (no amulet)
Stlth   +            m - ring of resist corrosion
HPRegen 0.24/turn    (no ring)
MPRegen 0.10/turn

%: no passive effects
@: glowing
A: no striking features
a: no special abilities


You were on level 3 of the Dungeon.
You visited 1 branch of the dungeon, and saw 3 of its levels.

You collected 57 gold pieces.

Inventory:

Hand Weapons
 g - a +3 whip (weapon)
Armour
 a - a +2 robe (worn)
 j - an orb of light (worn)
 n - a +0 helmet (worn)
Jewellery
 m - a ring of resist corrosion (left hand)
Scrolls
 f - a scroll of revelation
 k - a scroll of enchant weapon
Potions
 b - 2 potions of magic
 c - 2 potions of curing {unknown}
 d - a potion of might {unknown}
 e - a potion of berserk rage {unknown}
 h - 2 potions of experience {unknown}
 i - 2 potions of attraction {unknown}
 l - a potion of brilliance {unknown}


   Skills:
 - Level 2.0 Dodging
 - Level 2.0 Stealth
 - Level 3.0 Spellcasting
 + Level 2.4 Conjurations
 - Level 3.0 Air Magic


You had 2 spell levels left.
You knew the following spells:

 Your Spells              Type           Power      Damage    Failure   Level
a - Shock                 Conj/Air       44%        1d5       6%          1
b - Static Discharge      Conj/Air       22%        3-4/arc   9%          2
c - Swiftness             Air            12%        N/A       16%         3

Your spell library contained the following spells:

 Spells                   Type           Power      Damage    Failure   Level
 Summon Small Mammal      Summ           8%         N/A       17%         1
 Call Canine Familiar     Summ           2%         N/A       45%         3
 Summon Guardian Golem    Hex/Summ       2%         N/A       45%         3
 Airstrike                Air            6%         2d(1-17)  45%         4


Dungeon Overview and Level Annotations

Branches:
Dungeon (3/15)

Altars:
Xom

Shops:
D:3 !


Message History

The zap hits the gnoll.
The gnoll is almost dead.
The zap hits the gnoll.
The gnoll is lightly wounded.
The gnoll closely misses you.
Aiming: Shock (safe; 6% risk of failure)
Press: ? - help, Q - select action, (/) - cycle Shift-Dir - straight line, f/p - gnoll
Aim: a gnoll, wielding a +0 club (lightly wounded, haloed, 82% to hit)
The zap hits the gnoll.
The gnoll is moderately wounded.
The zap hits the gnoll.
You kill the gnoll!
The zap hits the gnoll.
The gnoll is heavily wounded.
The gnoll misses you.
Aiming: Shock (safe; 6% risk of failure)
Press: ? - help, Q - select action, (/) - cycle Shift-Dir - straight line, f/p - gnoll
Aim: a gnoll, wielding a +0 club (moderately wounded, haloed, 82% to hit)
The zap hits the gnoll.
The gnoll is severely wounded.
The zap hits the gnoll but does no damage.
The gnoll is heavily wounded.
The gnoll barely misses you.
You hit the gnoll but do no damage.
The gnoll is severely wounded.
The gnoll closely misses you.
You barely miss the gnoll.
The gnoll is heavily wounded.
The gnoll closely misses you. The gnoll misses you.
Your magical contamination has completely faded away.
You hit the gnoll.
The gnoll is severely wounded.
The gnoll hits you with a +0 club. The gnoll barely misses you.
A gnoll comes into view. It is wielding a +0 club.
You hit the gnoll but do no damage.
The gnoll is severely wounded.
The gnoll hits you with a +0 club. The gnoll closely misses you.
The gnoll hits you with a +1 heavy halberd!!
Ouch! That really hurt!
You die...

###.†.....#[.........#
#####†......~≈~......#
####...........~∩≈......+
.....###.......~≈~......#
.....# #................####
.....# #....................
......##........###......##
......##.......g###......###
................@g...g......
......#####...######........
####+## #### #........
#........ #........
#........ #.....### #####..


You could see 3 gnolls.

Vanquished Creatures
  A gnoll (D:3)
  An adder (D:2)
  An orc (D:2)
  A ball python (D:1)
  3 bats
  4 endoplasms
  2 giant cockroaches (D:2)
  A goblin (D:2)
  2 hobgoblins (D:2)
  A quokka (D:3)
  4 frilled lizards
  2 kobolds
  3 rats
26 creatures vanquished.

Notes
Turn   | Place    | Note
-------+----------+-------------------------------------------
     0 | D:1      | horus123 the Human Air Elementalist began the quest for the
                  | Orb.
     0 | D:1      | Reached XP level 1. HP: 13/13 MP: 3/3
   264 | D:1      | You fall into a shaft and drop 1 floor!
   652 | D:1      | Reached XP level 2. HP: 19/19 MP: 1/5
  1275 | D:2      | Learned a level 2 spell: Static Discharge
  1381 | D:2      | Found a shimmering altar of Xom.
  1566 | D:2      | Reached XP level 3. HP: 24/24 MP: 3/7
  1656 | D:2      | Learned a level 3 spell: Swiftness
  1973 | D:3      | Found Wiahanku's Distillery.
  2036 | D:3      | Slain by a gnoll

Illustrated notes

Levels and vault maps discovered:
D:1:      nagdon_arrival_zigzag_paths, layout_basic
D:2:      layout_loops_ring, basic_altar
D:3:      minmay_skewed_foursquare, layout_basic, serial_shops,
          nicolae_shop_industrial_runoff

Skill      XL: |  1  2  3 |
---------------+----------+-----
Spellcasting   | 3 |  3.0
Conjurations   | 2 |  2.4
Dodging        | |  2.0
Stealth        | |  2.0
Air Magic      | |  3.0

Action                     || total
---------------------------++-------
  Melee: Whip              ||     9
   Cast: Shock             ||    65
    Use: Scroll            ||     5
 Armour: Robe              ||     5
  Dodge: Dodged            ||    14

Table legend: (Time is in decaauts)
 A = Elapsed time spent in this place.
 B = Non-inter-level travel time spent in this place.
 C = Inter-level travel time spent in this place.
 D = Time resting spent in this place.
 E = Time spent auto-exploring this place.
 F = Levels seen in this place.
 G = Mean time per level.
                   A        B        C        D        E       F      G
               +--------+--------+--------+--------+--------+-----+--------+
         Total |   2035 |   2011 |     24 |      0 |   1764 |   3 |  678.3 |
       Dungeon |   2035 |   2011 |     24 |      0 |   1764 |   3 |  678.3 |
               +--------+--------+--------+--------+--------+-----+--------+

Top non-repeatable levels by time:
     D:1: 951 daAuts
     D:2: 934 daAuts
     D:3: 149 daAuts
